 Dungeon Crawl Stone Soup version 0.23-a0-319-gb40ba49 (webtiles) character file.

49 Amnesiac the Digger (level 3, 0/14 HPs)
             Began as a Felid Earth Elementalist on Oct 15, 2018.
             Slain by a hobgoblin
             ... wielding a +0 club
              (7 damage)
             ... on level 2 of the Dungeon.
             The game lasted 00:02:17 (703 turns).

Amnesiac the Digger (Felid Earth Elementalist)       Turns: 703, Time: 00:02:18

Health: 0/14       AC:  1    Str:  4    XL:     3   Next: 51%
Magic:  5/7        EV: 18    Int: 17    God:
Gold:   29         SH:  0    Dex: 16    Spells: 3/6 levels left
                                        Lives:  0   Deaths: 0

rFire    . . .     SeeInvis +     - Unarmed
rCold    . . .     Gourm    .   (shield unavailable)
rNeg     . . .     Faith    .   (armour unavailable)
rPois    .         Spirit   .   (helmet unavailable)
rElec    .         Reflect  .   (cloak unavailable)
rCorr    .         Harm     .   (gloves unavailable)
MR       .....                  (boots unavailable)
Stlth    +++.......             (no amulet)
HPRegen  0.04/turn              (no ring)
MPRegen  0.10/turn              (no ring)

@: very slightly contaminated, quick
A: very small, no armour, no weapons or thrown items, stealth, claws 1, fangs 3,
see invisible, carnivore, speed 1, shaggy fur 1, slow metabolism 1, sharp paws
a: no special abilities


You were on level 2 of the Dungeon.
You were very full.

You visited 1 branch of the dungeon, and saw 2 of its levels.

You collected 29 gold pieces.

Inventory:

Missiles
 b - 34 stones
Scrolls
 d - a scroll of noise {!r, unknown}
 e - 2 scrolls of fear {!r, unknown}
 i - a scroll of teleportation {!r, unknown}
Potions
 a - a potion of ambrosia {!q, unknown}
 f - a potion of cancellation {!q, unknown}
 g - a potion of brilliance {!q, unknown}
 h - a potion of curing {!q, unknown}
Comestibles
 c - 2 rations


   Skills:
 - Level 2.6 Dodging
 - Level 2.6 Stealth
 + Level 1.2 Unarmed Combat
 + Level 2.4 Spellcasting
 + Level 1.6 Transmutations
 * Level 3.4 Earth Magic


You had 3 spell levels left.
You knew the following spells:

 Your Spells              Type           Power        Failure   Level  Hunger
a - Sandblast             Erth           ##....       4%          1    #......
b - Passwall              Tmut/Erth      ##......     10%         2    ##.....

Your spell library contained the following spells:

 Spells                   Type           Power        Failure   Level  Hunger
 Stone Arrow              Conj/Erth      #.....       28%         3    ###....
 Petrify                  Tmut/Erth      ##......     54%         4    #####..
 Lee's Rapid Deconstruct  Erth           ##........   77%         5    ######.


Dungeon Overview and Level Annotations

Branches:
Dungeon (2/15)

Altars:


Innate Abilities, Weirdness & Mutations

You cannot wear armour.
You are incapable of wielding weapons or throwing items.
Your paws allow you to move quietly. (Stealth)
You have sharp claws.
You have razor-sharp teeth.
You have supernaturally acute eyesight. (SInv)
You are carnivorous and can eat meat at any time.
You cover ground quickly.
You are covered in fur. (AC +1)
You have a slow metabolism.
Your sharp claws are effective at attacking unaware monsters.


Message History

Casting: Sandblast (safe; 4% risk of failure)
Confirm with . or Enter, or press ? or * to list all spells.
Aiming: Sandblast (safe; 4% risk of failure)
Press: ? - help, Shift-Dir - straight line, f - hobgoblin
Aim: a hobgoblin, wielding a club (hasn't noticed you)
The blast of sand hits the hobgoblin.
You kill the hobgoblin!
b - 18 stones
Casting: Sandblast (safe; 4% risk of failure)
Confirm with . or Enter, or press ? or * to list all spells.
You can't see any susceptible monsters within range! (Use Z to cast anyway.)
Casting: Sandblast (safe; 4% risk of failure)
Confirm with . or Enter, or press ? or * to list all spells.
You can't see any susceptible monsters within range! (Use Z to cast anyway.)
Found 17 stones.
c - 2 rations (gained 1)
You see here a club.
b - 35 stones (gained 17)
i - a scroll labeled DUUNEN UGUI {!r} A frilled lizard comes into view.
A frilled lizard is nearby!
A frilled lizard is nearby!
A hobgoblin comes into view. It is wielding a club.
You miss the frilled lizard. The frilled lizard barely misses you.
You scratch the frilled lizard but do no damage.
The frilled lizard closely misses you.
You closely miss the frilled lizard. The frilled lizard closely misses you.
You miss the frilled lizard.
The frilled lizard bites you but does no damage.
You scratch the frilled lizard but do no damage.
The frilled lizard barely misses you.
You barely miss the frilled lizard. The frilled lizard barely misses you.
You scratch the frilled lizard.
The frilled lizard is moderately wounded.
The frilled lizard bites you.
You barely miss the frilled lizard.
The frilled lizard is moderately wounded.
The hobgoblin shouts!
The frilled lizard completely misses you.
You miss the frilled lizard.
The frilled lizard is moderately wounded.
The frilled lizard bites you but does no damage.
You scratch the frilled lizard.
You kill the frilled lizard!
The hobgoblin hits you with a club.
* * * LOW HITPOINT WARNING * * *
Casting: Sandblast (safe; 4% risk of failure)
Confirm with . or Enter, or press ? or * to list all spells.
Aiming: Sandblast (safe; 4% risk of failure)
Press: ? - help, Shift-Dir - straight line, f - hobgoblin
Aim: a hobgoblin, wielding a club You miscast Sandblast.
You are very lightly contaminated with residual magic.
The floor shifts beneath you alarmingly!
Casting: Sandblast (safe; 4% risk of failure)
Confirm with . or Enter, or press ? or * to list all spells.
Aiming: Sandblast (safe; 4% risk of failure)
Press: ? - help, Shift-Dir - straight line, f/p - hobgoblin
Aim: a hobgoblin, wielding a club The blast of sand misses the hobgoblin.
b - 34 stones The hobgoblin hits you with a club!
Ouch! That really hurt!
You die...

.#... #.. .#.# #.# #####....
#.######.....# #.##...#.....#
#.##....)....# # #.##...#.....#
####.##.###.##.....## #.....g@#
#.#......)# #.##.##.# #.#.#####.#
.. #. #.##.###.#.#####.#### #.#
#. #........#.##........
#####.####.#####.#####.#...#.####
.........#.......####........#
.##....#.##.......##.........#
.##....#.##.####.............#
........#......##.##.........#


You could see a hobgoblin.

Vanquished Creatures
  A jelly (D:2)
  A worm (D:2)
  A dart slug (D:1)
  A giant cockroach (D:1)
  A goblin (D:2)
  2 hobgoblins
  2 quokkas (D:2)
  2 bats (D:1)
  2 frilled lizards
  2 rats (D:1)
15 creatures vanquished.

Notes
Turn   | Place    | Note
-------+----------+-------------------------------------------
     0 | D:1      | Amnesiac the Felid Earth Elementalist began the quest for
                  | the Orb.
     0 | D:1      | Reached XP level 1. HP: 7/7 MP: 4/4
   296 | D:1      | Reached skill level 3 in Earth Magic
   502 | D:1      | Reached XP level 2. HP: 8/11 MP: 4/6
   517 | D:1      | Learned a level 2 spell: Passwall
   632 | D:2      | Reached skill level 1 in Unarmed Combat
   632 | D:2      | Reached XP level 3. HP: 14/14 MP: 3/7
   703 | D:2      | Slain by a hobgoblin

Vault maps used:
D:1:      onia_arrival_pyramid, chequers_mini_garden
D:2:      grunt_gozag_breadcrumbs, okawaru_trees_1

Skill      XL: |  1  2 |
---------------+-------+-----
Earth Magic    | 3 |  3.4
Unarmed Combat | 1 |  1.2
Dodging        | |  2.6
Stealth        | |  2.6
Spellcasting   | |  2.4
Transmutations | |  1.6

Action                   || total
-------------------------++-------
Melee: Unarmed           ||    50
       Bite              ||     4
 Cast: Sandblast         ||    13
 Stab: Sleeping          ||     3
  Eat: Chunk             ||     5
Armor: Skin              ||     7
Dodge: Dodged            ||    54

Table legend:
 A = Non-vault XP
 B = Vault XP
 C = Vault XP percentage of total XP
 D = Non-vault monster count
 E = Vault monster count
 F = Vault count percentage of total count
                 A         B        C        D         E       F
            +---------+---------+-------+---------+---------+-------
      Total |      70 |       0 |   0.0 |      15 |       0 |   0.0
            +---------+---------+-------+---------+---------+-------
        D:1 |      13 |       0 |   0.0 |       8 |       0 |   0.0
        D:2 |      57 |       0 |   0.0 |       7 |       0 |   0.0
            +---------+---------+-------+---------+---------+-------
